 Dungeon Crawl Stone Soup version 0.31-a0-1066-g35875b34c7 (webtiles) character file.

Game seed: 17447142114501393636

292935 Yohl the Polluter (level 21, -12/160 (202) HPs)
             Began as a Naga Gladiator on Nov 16, 2023.
             Was the Champion of Cheibriados.
             Mangled by a ghostly titan (33 damage)
             ... on level 4 of the Vaults on Nov 22, 2023.
             The game lasted 02:46:07 (49180 turns).

Yohl the Polluter (Naga Gladiator)                 Turns: 49180, Time: 02:46:08

HP:   -12/160 (202) AC: 34    Str: 39    XL:     21   Next: 19%
MP:   35/35         EV: 15    Int: 23    God:    Cheibriados [******]
Gold: 1639          SH: 30    Dex: 34    Spells: 23/41 levels left

rFire   + . .        W - +9 demon blade (venom)
rCold   . . .        Y - +2 tower shield
rNeg    . . .        z - +3 shadow dragon scales
rPois   +            g - +0 helmet {Int+3}
rElec   .            K - +0 cloak
rCorr   +            b - +2 pair of gloves
SInv    +            R - +0 barding
Will    ++...        S - amulet of reflection
Stlth   ++++++++     w - ring of Eternal Harmony {rF+ rCorr Int-5 Dex+4 Slay+3}
HPRegen 0.46/turn    c - +4 ring of slaying
MPRegen 0.24/turn

%: reflection
@: studying Evocations, heavily drained, very slow
A: AC +7, large, see invisible, deformed body, poison resistance, slowness 2,
spit poison 1, naga tail 2
}: 1/15 runes: gossamer
a: Spit Poison, Renounce Religion, Bend Time, Temporal Distortion, Slouch, Step
From Time


You were on level 4 of the Vaults.
You worshipped Cheibriados.
Cheibriados was exalted by your worship.
You visited 7 branches of the dungeon, and saw 35 of its levels.
You visited the Abyss 1 time.
You visited 1 bazaar.

You collected 3247 gold pieces.
You spent 1608 gold pieces at shops.

Inventory:

Hand Weapons
 t - the +12 morningstar of the Green God {drain, rPois rC- Int+6 Stlth-}
   (You found it in a bazaar)

   Int+6:     It affects your intelligence (+6).
   rC-:       It makes you vulnerable to cold.
   rPois:     It protects you from poison Stlth-: It makes you less stealthy.
 G - a +3 scimitar
 M - the +2 double sword of Abylom {heavy, Int+3}
   (You acquired it on level 3 of the Spider Nest)

   Int+3:     It affects your intelligence (+3).
 Q - a +3 scimitar of flaming
 W - a +9 demon blade of venom (weapon)
Missiles
 e - 10 javelins
 m - 3 throwing nets (quivered)
Armour
 a - a +2 chain mail of willpower
 b - a +2 pair of gloves (worn)
 g - a +0 helmet of intelligence (worn)
 z - +3 shadow dragon scales (worn)
 B - an orb of energy
 K - a +0 cloak (worn)
 R - a +0 barding (worn)
 U - a +0 hat of willpower
 Y - a +2 tower shield (worn)
Magical Staves
 s - a staff of conjuration
Jewellery
 c - a +4 ring of slaying (right hand)
 n - an amulet of the acrobat
 w - the ring of Eternal Harmony (left hand) {rF+ rCorr Int-5 Dex+4 Slay+3}
   (You found it on level 1 of the Vaults)

   [ring of protection from fire]

   Int-5:     It affects your intelligence (-5).
   Dex+4:     It affects your dexterity (+4).
   Slay+3:    It affects your accuracy & damage with ranged weapons and melee
   (+3).
   rF+:       It protects you from fire.
   rCorr:     It protects you from acid and corrosion.
 C - a ring of protection from cold
 S - an amulet of reflection (around neck)
 V - a ring of ice
 X - a ring of resist corrosion
Wands
 j - a wand of polymorph (5)
 l - a wand of quicksilver (8)
 D - a wand of iceblast (36)
 F - a wand of digging (17)
 J - a wand of mindburst (17)
Scrolls
 f - 2 scrolls of brand weapon
 i - 3 scrolls of fog
 o - 2 scrolls of revelation
 q - 4 scrolls of immolation
 r - a scroll of blinking
 v - 2 scrolls of summoning
 A - 2 scrolls of silence
 E - 3 scrolls of enchant weapon
 T - 4 scrolls of teleportation
Potions
 h - 6 potions of enlightenment
 k - 2 potions of attraction
 p - 11 potions of curing
 u - 6 potions of mutation
 x - 6 potions of lignification
 y - 5 potions of heal wounds
 H - 4 potions of brilliance
 I - 5 potions of ambrosia
 N - a potion of invisibility
 O - a potion of cancellation
 P - a potion of magic
 Z - 5 potions of might
Miscellaneous
 L - a phantom mirror


   Skills:
 + Level 15.6 Fighting
 - Level 17.0 Long Blades
 + Level 2.1 Throwing
 + Level 12.1 Armour
 + Level 9.9 Dodging
 + Level 14.0 Stealth
 + Level 13.4 Shields
 + Level 10.7 Spellcasting
 + Level 0.6 Conjurations
 + Level 2.9 Transmutations
 + Level 1.0 Fire Magic
 + Level 6.0 Air Magic
 + Level 17.1 Poison Magic
 + Level 2.7 Invocations
 + Level 0.4 Evocations


You had 23 spell levels left.
You knew the following spells:

 Your Spells              Type           Power      Damage    Failure   Level
a - Sting                 Tmut/Pois      100%       1d8       1%          1
b - Poisonous Vapours     Pois/Air       100%       N/A       1%          2
c - Olgreb's Toxic Radia  Pois           74%        N/A       1%          4
d - Alistair's Intoxicat  Tmut/Pois      36%        N/A       13%         5
e - Mephitic Cloud        Conj/Pois/Air  48%        N/A       3%          3
f - Ignite Poison         Fire/Tmut/Pois 44%        N/A       4%          3

Your spell library contained the following spells:

 Spells                   Type           Power      Damage    Failure   Level
 Cigotuvi's Dreadful Rot  Necr/Pois/Air  94%        N/A       1%          2
 Wereblood                Tmut           26%        N/A       13%         2
 Magic Dart               Conj           60%        1d6       22%         1
 Apportation              Tloc           24%        N/A       28%         1
 Necrotise                Necr           48%        1d6       28%         1
 Slow                     Hex            48%        N/A       28%         1
 Summon Small Mammal      Summ           48%        N/A       28%         1
 Blink                    Tloc           24%        N/A       38%         2
 Call Imp                 Summ           24%        N/A       38%         2
 Ensorcelled Hibernation  Hex/Ice        24%        N/A       38%         2
 Jinxbite                 Hex            24%        N/A       38%         2
 Inner Flame              Hex/Fire       14%        N/A       56%         3
 Call Canine Familiar     Summ           12%        N/A       63%         3
 Confusing Touch          Hex            12%        N/A       63%         3
 Frozen Ramparts          Ice            24%        1d4       63%         3
 Gell's Gravitas          Tloc           12%        N/A       63%         3
 Ozocubu's Armour         Ice            12%        N/A       63%         3
 Sigil of Binding         Hex            12%        N/A       63%         3
 Teleport Other           Tloc           12%        N/A       63%         3
 Vampiric Draining        Necr           12%        2d6       63%         3
 Petrify                  Tmut/Erth      19%        N/A       83%         4
 Flame Wave               Conj/Fire      16%        2d7       89%         4
 Sticky Flame             Conj/Fire      16%        2d4       89%         4
 Arcjolt                  Conj/Air       13%        1d23      89%         5
 Anguish                  Hex/Necr       6%         N/A       95%         4
 Animate Dead             Necr           12%        N/A       95%         4
 Dimensional Bullseye     Hex/Tloc       6%         N/A       95%         4
 Leda's Liquefaction      Hex/Erth       6%         N/A       95%         4
 Manifold Assault         Tloc           12%        N/A       95%         4
 Summon Ice Beast         Ice/Summ       12%        N/A       95%         4
 Freezing Cloud           Conj/Ice/Air   11%        6-21      97%         5
 Irradiate                Conj/Tmut      10%        3d15      98%         5
 Metabolic Englaciation   Hex/Ice        6%         N/A       100%        5
 Dispersal                Tloc           6%         N/A       100%        6
 Plasma Beam              Fire/Air       14%        2x1d25    100%        6
 Simulacrum               Ice/Necr       6%         N/A       100%        6
 Haunt                    Necr/Summ      6%         N/A       100%        7
 Infestation              Necr           6%         N/A       100%        8
 Maxwell's Capacitive Co  Air            20%        ∞         100%        8


Dungeon Overview and Level Annotations

Branches:
Dungeon (15/15)            Temple (1/1) D:4            Lair (5/5) D:9
 Shoals (3/4) Lair:2       Spider (4/4) Lair:3        Slime (0/5) Lair:4
    Orc (2/2) D:9             Elf (0/3) Orc:2        Vaults (5/5) D:14
  Crypt (0/3) Vaults:2     Depths (0/4) D:15

Altars:
Ashenzari
Cheibriados
Dithmenos
Elyvilon
Fedhas
Gozag
Hepliaklqana
Kikubaaqudgha
Makhleb
Nemelex Xobeh
Okawaru
Qazlal
Ru
Sif Muna
Trog
Uskayaw
Vehumet
Wu Jian
Xom
Yredelemnul
Zin
The Shining One

Shops:
D:2 *   D:3 ?   D:12 (   D:13 *   D:15 !!   Orc:2 [((*   Shoals:3 [*(*
Vaults:3 *

Annotations:
D:15 3 runed translucent doors, Poopy's ghost, journeyman FeSu
Shoals:3 Mara
Spider:3 2 transporters, exclusion: 2 orange crystal statues, Arachne; Uppoefoot's ghost, adept HOFi; Vazil's ghost, journeyman FeSu; Xirhei's ghost, adept AtWn
Orc:2 Donald


Innate Abilities, Weirdness & Mutations

Your serpentine skin is tough. (AC +7)
You have supernaturally acute eyesight. (SInv)
Armour fits poorly on your strangely shaped body.
Your system is resistant to poisons. (rPois)
You cover ground very slowly.
You can spit poison.
You can use your snake-like lower body to constrict enemies.


Message History

You block the freezing wraith's attack. x2
You slice the freezing wraith!!
The freezing wraith is almost destroyed.
You block the freezing wraith's attack. x2
You slash the freezing wraith!
You destroy the freezing wraith!
Cheibriados appreciates the change of pace.
The ghostly titan waves its arms in wide circles.
The air twists around and strikes you!
The ghostly titan waves its arms in wide circles.
The air twists around and strikes you. The ghostly titan hits you!
The ghostly titan hits you!!
You open the ghostly titan like a pillowcase!!!
The ghostly titan is moderately damaged.
The ghostly titan points at you and mumbles some strange words.
The bolt of lightning hits you!!!
* * * LOW HITPOINT WARNING * * *
You slash the ghostly titan!
The ghostly titan is heavily damaged.
You slash the ghostly titan!
The ghostly titan is heavily damaged.
You block the ghostly titan's attack.
You slash the ghostly titan!
The ghostly titan is severely damaged.
The ghostly titan closely misses you.
You barely miss the ghostly titan.
The ghostly titan is severely damaged.
You slash the ghostly titan!
The ghostly titan is severely damaged.
The ghostly titan casts a spell.
The ghostly titan is healed somewhat.
You slash the ghostly titan!
The ghostly titan is almost destroyed.
The ghostly titan gestures at you while chanting.
The bolt of lightning hits you!!
* * * LOW HITPOINT WARNING * * *
You slash the ghostly titan!
The ghostly titan is almost destroyed.
The ghostly titan hits you!!
You die...

#.......# ######
#.......## ##.....
####...####'#######......
#.#....#.........'.......
#......#...)#....#.......
#.#....#.[>......#.......
#######'.[.########......
##C#.# ##..... #@[.#
###### #..)# #?..# #...#
##'######### #..........#
#..........# #..........#
#..........#


You could see a ghostly titan.

Vanquished Creatures
  Nikola (Vaults:1)
  Norris (Vaults:3)
  A tentacled monstrosity (Vaults:4)
  Jorgrun (Orc:2)
  A titan (Vaults:5)
  A quicksilver dragon (Vaults:4)
  2 sphinxes (Vaults:4)
  Gastronok (D:11)
  Polyphemus (Shoals:2)
  2 shadow dragons
  A storm dragon (Vaults:4)
  A tengu reaver (Vaults:5)
  2 fire giants (Vaults:4)
  18 vault wardens
  A frost giant (D:15)
  Louise (Spider:2)
  4 emperor scorpions
  5 ghost moths
  14 ironbound preservers
  6 broodmothers (Spider:4)
  3 orc warlords
  2 formless jellyfish
  A stone giant (Vaults:5)
  8 ironbound thunderhulks
  3 war gargoyles (Vaults:4)
  10 dire elephants
  Snorg (D:10)
  3 deep elf death magi
  3 spark wasps
  An eidolon (Vaults:2)
  Josephine (Orc:2)
  A crystal guardian (Vaults:4)
  An ettin (Vaults:5)
  7 merfolk impalers
  5 entropy weavers
  A fire dragon (Lair:5)
  4 great orbs of eyes
  9 yaktaur captains
  5 hydras
  Fannar (D:11)
  The ghost of PanSaczeczos the Fighter, a journeyman KoHs of Hepliaklqana (Lair:2)
  An ogre mage (Vaults:5)
  A merfolk aquamancer (Shoals:3)
  29 vault guards
  A peacekeeper (Vaults:4)
  11 centaur warriors
  3 radroaches
  A merfolk avatar (Shoals:1)
  Erica (D:10)
  3 catoblepae
  6 jorogumos
  9 ironbound frosthearts
  8 boulder beetles
  4 two-headed ogres
  2 vampire magi (Vaults:2)
  6 tengu warriors
  2 death yaks
  6 demonic crawlers
  4 hell knights
  2 orc high priests (Orc:2)
  Sonja (D:11)
  6 pharaoh ants
  4 skeletal warriors (D:13)
  A fire crab (Shoals:2)
  6 skysharks
  2 sun moths
  5 sea snakes
  Lodul (D:11)
  14 orb spiders
  27 deep trolls
  A swamp dragon (Lair:5)
  16 ironbound convokers
  7 lindwurms
  A phantasmal warrior (Vaults:4)
  7 steelbarb worms
  Pikel (D:8)
  5 arcanists
  An orc knight (Orc:2)
  2 deep elf pyromancers
  An oklob plant (Lair:3)
  13 harpies
  3 necromancers
  27 wolf spiders
  2 orc sorcerers (Orc:2)
  26 ugly things
  A mana viper (shapeshifter) (Vaults:3)
  5 cyclopes
  4 fauns
  5 moths of wrath
  An elephant (D:9)
  12 manticores
  5 merfolk sirens
  9 water nymphs
  9 torpor snails
  Joseph (D:8)
  Maurice (D:9)
  14 vault sentinels
  5 black mambas
  19 cane toads
  2 gargoyles
  An ice statue (Abyss:3)
  2 kobold demonologists
  31 yaktaurs
  6 rime drakes
  7 komodo dragons
  2 freezing wraiths
  2 ice devils (Lair:2)
  3 tengu conjurers
  17 merfolk
  4 trolls
  4 polar bears
  2 wind drakes
  3 meliai (Spider:4)
  32 tarantellas
  4 snapping turtles
  14 blink frogs
  Grinder (D:3)
  17 dream sheep
  A centaur simulacrum (D:15)
  19 culicivoras
  38 jumping spiders
  A shadow (D:12)
  26 slime creatures
  A water elemental (Shoals:2)
  37 yaks
  8 wraiths
  2 vampires
  4 wyverns
  3 fire bats (Shoals:2)
  9 basilisks
  A hog (shapeshifter) (D:14)
  A fire elemental (D:15)
  61 redbacks
  10 vampire mosquitoes
  2 humans
  A steam dragon (Lair:5)
  2 acid dragons
  2 wargs
  16 water moccasins
  A sky beast (D:8)
  2 ice beasts
  29 orc warriors
  5 swamp drakes (Lair:5)
  A black bear (D:9)
  25 wolves
  14 ogres
  4 boggarts (Vaults:3)
  2 centaurs
  The ghost of Arzdou the Magician, an amateur DsHW (D:6)
  A phantom (D:6)
  15 bullfrogs
  5 kobold brigands
  2 gnoll sergeants
  7 scorpions
  16 wights
  3 killer bees (D:10)
  2 electric eels
  5 howler monkeys
  A gnoll bouda (D:9)
  22 orc priests
  3 hounds
  11 jellies
  3 sleepcaps
  Natasha (twice) (D:2)
  7 iguanas
  31 orc wizards
  6 adders
  17 gnolls
  A white imp (D:8)
  3 dart slugs
  104 orcs
  4 ball pythons
  4 bats
  5 endoplasms
  A giant cockroach (D:3)
  8 goblins
  7 hobgoblins
  27 kobolds
  A quokka (D:1)
  3 frilled lizards
  4 rats
1321 creatures vanquished.

Vanquished Creatures (others)
  Asterion (Vaults:1)
  An ugly thing (D:15)
  2 yaktaurs (Vaults:1)
  A tarantella (Spider:4)
5 creatures vanquished.

Grand Total: 1326 creatures vanquished

Notes
Turn   | Place    | Note
-------+----------+-------------------------------------------
     0 | D:1      | Yohl the Naga Gladiator began the quest for the Orb.
     0 | D:1      | Reached XP level 1. HP: 19/19 MP: 1/1
   212 | D:1      | Reached XP level 2. HP: 20/26 MP: 2/2
   861 | D:2      | Noticed Natasha
   872 | D:2      | Killed Natasha
   873 | D:2      | Reached XP level 3. HP: 27/32 MP: 3/3
  1083 | D:2      | Noticed Natasha
  1087 | D:2      | Killed Natasha
  1088 | D:2      | Reached XP level 4. HP: 35/39 MP: 4/4
  1396 | D:2      | Reached skill level 1 in Armour
  1454 | D:2      | Found Uxoice Wece's General Store.
  1463 | D:2      | Bought a potion of heal wounds for 70 gold pieces
  1562 | D:3      | Reached XP level 5. HP: 36/45 MP: 5/5
  1670 | D:3      | Found Ecsijet's Magic Scroll Shop.
  1673 | D:3      | Bought a scroll of teleportation for 42 gold pieces
  1929 | D:3      | Found a faded altar of an unknown god.
  2137 | D:3      | Noticed Grinder
  2176 | D:3      | Paralysed by Grinder for 5 turns
  2427 | D:4      | Noticed an ogre
  2433 | D:4      | Killed an ogre
  2434 | D:4      | Reached skill level 5 in Long Blades
  2434 | D:4      | Reached skill level 1 in Stealth
  2434 | D:4      | Reached XP level 6. HP: 40/55 MP: 6/6
  2582 | D:4      | Identified the +7 whip of Law {drain, rElec rC- Str+4
                  | Stlth+}
  2598 | D:5      | Entered Level 5 of the Dungeon
  2900 | D:4      | Reached XP level 7. HP: 60/62 MP: 7/7
  3073 | D:4      | Found a staircase to the Ecumenical Temple.
  3111 | Temple   | Entered the Ecumenical Temple
  3126 | Temple   | Became a worshipper of Cheibriados the Contemplative
  3519 | D:3      | Paralysed by Grinder for 4 turns
  3532 | D:3      | Paralysed by Grinder for 5 turns
  3543 | D:3      | Killed Grinder
  4341 | D:5      | Reached XP level 8. HP: 63/69 MP: 8/8
  5101 | D:5      | Reached * piety under Cheibriados
  5360 | D:6      | Found a runed translucent door.
  5362 | D:6      | Noticed Arzdou's ghost (amateur DsHW)
  5410 | D:6      | Killed Arzdou's ghost
  5592 | D:6      | Identified the +4 scale mail of the Vestibule of Hell {rC+
                  | Str-5 Stlth+}
  5612 | D:6      | Reached XP level 9. HP: 58/78 MP: 6/9
  5843 | D:5      | Reached ** piety under Cheibriados
  6240 | D:6      | Reached skill level 5 in Armour
  6771 | D:6      | Found a bloodstained altar of Trog.
  6999 | D:7      | Reached skill level 5 in Fighting
  7380 | D:7      | Reached XP level 10. HP: 76/88 MP: 10/10
  7729 | D:8      | Found a broken altar of Ashenzari.
  7862 | D:8      | Reached *** piety under Cheibriados
  8255 | D:8      | Found a sacrificial altar of Ru.
  8320 | D:8      | Noticed Pikel
  8340 | D:8      | Killed Pikel
  8341 | D:8      | Reached skill level 10 in Long Blades
  8464 | D:8      | Reached **** piety under Cheibriados
  8564 | D:8      | Noticed Joseph
  8620 | D:8      | Killed Joseph
  8621 | D:8      | Reached skill level 5 in Dodging
  9105 | D:9      | Found a shadowy altar of Dithmenos.
  9146 | D:9      | Found a staircase to the Lair.
  9147 | D:9      | Noticed an elephant
  9189 | D:9      | Killed an elephant
  9190 | D:9      | Reached skill level 1 in Invocations
  9738 | Lair:1   | Entered Level 1 of the Lair of Beasts
 10169 | Lair:1   | Reached XP level 11. HP: 90/99 MP: 11/11
 11413 | IceCv    | Identified the of Zoudd
 11413 | Lair:2   | Noticed a lindwurm
 11844 | Lair:2   | HP: 3/100 [yak (11)]
 12334 | Lair:1   | Reached ***** piety under Cheibriados
 12335 | Lair:1   | Reached skill level 5 in Stealth
 12765 | Lair:2   | Reached XP level 12. HP: 102/110 MP: 13/13
 12803 | Lair:2   | Found a runed translucent gate.
 12804 | Lair:2   | Found a runed translucent gate.
 12805 | Lair:2   | Found a runed translucent gate.
 12805 | Lair:2   | Noticed PanSaczeczos's ghost (journeyman KoHs)
 12863 | Lair:2   | Killed PanSaczeczos's ghost
 13283 | Lair:2   | Found a staircase to the Shoals.
 13984 | Lair:3   | Found a hole to the Spider Nest.
 14583 | Lair:3   | You fall into a shaft and drop 1 floor!
 14816 | Lair:4   | Learned a level 1 spell: Sting
 15413 | Lair:4   | Reached ****** piety under Cheibriados
 15595 | Lair:4   | Identified the +4 rapier of Dissolution {pain, *Noise rElec
                  | rF+ rCorr}
 15650 | Lair:4   | Noticed a boulder beetle
 15676 | Lair:4   | Killed a boulder beetle
 15677 | Lair:4   | Gained mutation: You can use your snake-like lower body to
                  | constrict enemies. [Naga growth]
 15677 | Lair:4   | Reached XP level 13. HP: 121/121 MP: 14/14
 15682 | Lair:4   | Found a staircase to the Slime Pits.
 16227 | Lair:3   | Reached skill level 1 in Spellcasting
 16230 | Lair:3   | Reached skill level 1 in Poison Magic
 16449 | Lair:3   | Reached skill level 1 in Transmutations
 16723 | Lair:5   | Entered Level 5 of the Lair of Beasts
 17469 | D:9      | Found the amulet of Elemental Vulnerability {rPois rF--
                  | rC-- AC+8}
 17569 | D:9      | Reached skill level 10 in Fighting
 17728 | D:9      | Found a staircase to the Orcish Mines.
 17938 | D:9      | Noticed Maurice
 17947 | D:9      | Killed Maurice
 18125 | D:10     | Entered Level 10 of the Dungeon
 18199 | D:10     | Noticed Erica
 18204 | D:10     | Learned a level 2 spell: Poisonous Vapours
 18214 | D:10     | Killed Erica
 18275 | D:10     | Found a hazy altar of Hepliaklqana.
 18406 | D:10     | Found a shimmering blue altar of Sif Muna.
 18524 | D:10     | Noticed Snorg
 18562 | D:10     | Killed Snorg
 18710 | D:10     | Found a blossoming altar of Fedhas.
 18734 | D:10     | Reached skill level 5 in Poison Magic
 18734 | D:10     | Found an opulent altar of Gozag.
 19131 | D:11     | Noticed Lodul
 19282 | D:11     | Noticed Sonja
 19285 | D:11     | Killed Sonja
 19514 | D:11     | Identified the +8 flail of the Pharaoh's Fist {antimagic,
                  | Int+5 Dex+2}
 19534 | D:11     | Learned a level 4 spell: Olgreb's Toxic Radiance
 19576 | D:11     | Noticed Gastronok
 19611 | D:11     | Killed Gastronok
 19612 | D:11     | Reached skill level 1 in Shields
 19612 | D:11     | Reached skill level 1 in Air Magic
 19750 | D:11     | Noticed Fannar
 19757 | D:11     | Killed Fannar
 19943 | D:12     | Reached XP level 14. HP: 110/133 MP: 17/17
 20136 | D:12     | Identified the +5 robe of the Fiddle {Regen+ Dex+3}
 20235 | D:12     | Found Diobasub's Antique Weapon Boutique.
 20591 | D:12     | Identified the maw talisman of Trumpets {rPois rF+ MP-9}
 20774 | D:12     | Upgraded the game from 0.31-a0-1010-g5322dac6a2 to
                  | 0.31-a0-1042-ga9834b393d
 20904 | D:13     | Found Mumuapt's General Store.
 20927 | D:13     | Bought a scroll of blinking for 82 gold pieces
 20927 | D:13     | Bought a +0 helmet of intelligence for 126 gold pieces
 21041 | D:13     | Found a sparkling altar of Nemelex Xobeh.
 21723 | Orc:1    | Entered Level 1 of the Orcish Mines
 22036 | Orc:2    | Entered Level 2 of the Orcish Mines
 22118 | Orc:2    | Found a staircase to the Elven Halls.
 22304 | Orc:2    | Noticed Josephine
 22316 | Orc:2    | Killed Josephine
 22447 | Orc:2    | Found Litiden's Antique Weapon Shoppe.
 22531 | Orc:2    | Noticed Jorgrun
 22544 | Orc:2    | Killed Jorgrun
 22792 | Orc:2    | Noticed an orc warlord
 22807 | Orc:2    | Killed an orc warlord
 23145 | Orc:2    | Noticed Donald
 23396 | Orc:2    | Found Dojow's General Store.
 23405 | Orc:2    | Bought a scroll of teleportation for 30 gold pieces
 23537 | Orc:2    | Found Mederiz's Antique Armour Shop.
 23539 | Orc:2    | Found Umogik's Antique Weapon Boutique.
 23552 | Orc:2    | Bought a shiny chain mail for 195 gold pieces
 23552 | Orc:2    | Bought a glowing ring mail for 182 gold pieces
 24268 | Lair:5   | Reached skill level 10 in Poison Magic
 24268 | Lair:5   | Reached XP level 15. HP: 98/144 MP: 14/22
 24271 | Lair:5   | Reached skill level 5 in Spellcasting
 24454 | Lair:5   | Reached skill level 10 in Armour
 24696 | Lair:5   | Identified the ring "Hiudaf" {Fire Str+3 Int+3 Dex-5}
 25611 | Spider:1 | Entered Level 1 of the Spider Nest
 25624 | Spider:1 | Reached skill level 10 in Stealth
 26861 | Spider:1 | Noticed a ghost moth
 27052 | Spider:1 | Learned a level 5 spell: Alistair's Intoxication
 27273 | Spider:1 | Upgraded the game from 0.31-a0-1042-ga9834b393d to
                  | 0.31-a0-1059-g83d41fd8b6
 27290 | Spider:2 | Reached XP level 16. HP: 143/154 MP: 26/26
 27431 | Spider:2 | Noticed Louise
 27452 | Abyss:3  | Cast into level 3 of the Abyss (Louise)
 27463 | Spider:2 | Escaped the Abyss
 27470 | Spider:2 | Killed Louise
 27648 | Spider:2 | Identified 2 scrolls of acquirement
 27652 | Spider:2 | Acquired a staff of conjuration
 27653 | Spider:2 | Acquired Osezij's Secrets of the Cloudy Jaunt
 29695 | Spider:3 | Noticed Uppoefoot's ghost (adept HOFi)
 29957 | Spider:3 | Noticed Arachne
 29968 | Spider:3 | Noticed Xirhei's ghost (adept AtWn)
 29972 | Spider:3 | Found a transporter.
 29972 | Spider:3 | Noticed Vazil's ghost (journeyman FeSu)
 29974 | Spider:3 | Acquired the +2 double sword of Abylom {heavy, Int+3}
 29990 | Spider:3 | Found a transporter.
 31160 | Spider:4 | Entered Level 4 of the Spider Nest
 32108 | Spider:4 | Reached XP level 17. HP: 21/164 MP: 23/29
 32532 | Spider:4 | Reached skill level 5 in Shields
 33214 | Spider:3 | HP: 6/158 [pharaoh ant (5)]
 34679 | Spider:4 | Got a gossamer rune of Zot
 35515 | Shoals:1 | Entered Level 1 of the Shoals
 35515 | Shoals:1 | Found a transporter.
 35515 | Shoals:1 | Found a transporter.
 35522 | Shoals:1 | You fall into a shaft and drop 1 floor!
 35523 | Shoals:2 | Upgraded the game from 0.31-a0-1059-g83d41fd8b6 to
                  | 0.31-a0-1066-g35875b34c7
 35549 | Shoals:2 | Noticed Polyphemus
 35655 | Shoals:3 | Reached skill level 15 in Poison Magic
 35816 | Shoals:2 | Killed Polyphemus
 35824 | Shoals:3 | Reached skill level 5 in Air Magic
 36650 | Shoals:3 | Noticed Mara
 37108 | Shoals:3 | Found Ravvie's Visitors' Centre.
 37121 | Shoals:3 | Reached XP level 18. HP: 162/173 MP: 20/31
 37134 | Shoals:3 | Found Ravvie's Merfolk Weapons.
 37134 | Shoals:3 | Found Ravvie's Merfolk Armours.
 37158 | Shoals:3 | Bought a +0 barding for 368 gold pieces
 37532 | Shoals:1 | Found a transporter.
 37535 | Shoals:1 | Found a transporter.
 37546 | Shoals:1 | Found a transporter.
 37546 | Shoals:1 | Found a transporter.
 38138 | D:13     | You fall into a shaft and drop 1 floor!
 38282 | D:14     | Reached skill level 15 in Long Blades
 38526 | D:14     | Found a gate to the Vaults.
 39256 | D:11     | Killed Lodul
 39568 | D:15     | Entered Level 15 of the Dungeon
 39601 | D:15     | Found a white marble altar of Elyvilon.
 39838 | D:15     | Found a staircase to the Depths.
 40082 | D:15     | Found a runed translucent gate.
 40082 | D:15     | Found a runed translucent gate.
 40083 | D:15     | Found a runed translucent gate.
 40085 | D:15     | Noticed Poopy's ghost (journeyman FeSu)
 40088 | D:15     | Identified the +8 falchion "Xitew" {drain, Fragile rPois
                  | rCorr Dex+2}
 40265 | D:15     | Found Sathreni's Distillery.
 40269 | D:15     | Bought a potion of might for 56 gold pieces
 40274 | D:15     | Bought a potion of lignification for 42 gold pieces
 40274 | D:15     | Bought a potion of heal wounds for 70 gold pieces
 40471 | D:15     | Found Toedes's Distillery.
 40480 | D:15     | Bought a potion of heal wounds for 55 gold pieces
 40480 | D:15     | Bought a potion of heal wounds for 55 gold pieces
 40480 | D:15     | Bought a potion of heal wounds for 55 gold pieces
 40929 | Vaults:1 | Entered Level 1 of the Vaults
 40945 | Vaults:1 | Noticed Asterion
 40955 | Vaults:1 | Killed Asterion
 41438 | Vaults:1 | Identified the ring of Eternal Harmony {rF+ rCorr Int-5
                  | Dex+4 Slay+3}
 41623 | Vaults:1 | Noticed Nikola
 41632 | Vaults:1 | Killed Nikola
 42079 | Vaults:1 | Identified the +0 plate armour of the Trombone {rF+ rN+
                  | Str-3 Int+4}
 42183 | Vaults:1 | Reached XP level 19. HP: 183/183 MP: 32/32
 42254 | Vaults:1 | Reached skill level 10 in Shields
 43265 | Vaults:2 | Found a gateway to a bazaar.
 43278 | Bazaar   | Entered a bazaar
 43278 | Bazaar   | Found Zezozep's Antique Weapon Boutique.
 43278 | Bazaar   | Found Rojuesue's Antique Armour Shop.
 43278 | Bazaar   | Found Woylazit's Armour Shop.
 43286 | Bazaar   | Identified the +12 morningstar of the Green God {drain,
                  | rPois rC- Int+6 Stlth-}
 43990 | Vaults:2 | Found a staircase to the Crypt.
 44851 | Vaults:3 | Noticed Norris
 44859 | Vaults:3 | Killed Norris
 45269 | Vaults:3 | Reached XP level 20. HP: 179/193 MP: 33/33
 45367 | Vaults:3 | Reached skill level 15 in Fighting
 45525 | Vaults:3 | Found Mikil's Assorted Antiques.
 45533 | Vaults:3 | Bought a potion of heal wounds for 180 gold pieces
 46328 | Vaults:4 | Reached skill level 10 in Spellcasting
 46921 | Vaults:4 | Got the Quarto of the Chilly Wind
 47056 | Vaults:4 | Learned a level 3 spell: Mephitic Cloud
 47060 | Vaults:4 | Learned a level 3 spell: Ignite Poison
 47212 | Vaults:4 | Identified the +3 orcbow of Amaliak {flame, rF+ rC+ Dex+2}
 47221 | Vaults:4 | Identified the +3 broad axe "Arbiter" {freeze, rC+}
 47510 | Vaults:5 | Entered Level 5 of the Vaults
 47911 | Vaults:4 | Reached XP level 21. HP: 61/202 MP: 18/35
 49090 | Vaults:4 | Reached skill level 1 in Fire Magic
 49180 | Vaults:4 | Mangled by a ghostly titan

Illustrated notes

Levels and vault maps discovered:
D:1:      matt_arrival_spirals, layout_loops_ring, kennysheep_crisscross
D:2:      layout_basic, serial_shops, shop_statue, uniq_natasha
D:3:      minmay_skewed_foursquare, layout_loops_corners, serial_shops,
          nicolae_shop_rolled_up, hellmonk_ecumenical_altar_zigzags,
          grunt_ministairs_3, uniq_grinder
D:4:      layout_cave_pools, minmay_temple_entry_proselytizer
D:5:      layout_basic
D:6:      layout_rooms, trog_butcher_becter, ebering_ghost_sewer_d,
          kennysheep_generic_room_6
D:7:      layout_basic
D:8:      layout_basic, nicolae_ru_great_annihilating_truth,
          cheibrodos_ashenzari_chains, uniq_joseph, uniq_pikel
D:9:      layout_irregular_city, grunt_dithmenos_smoke_and_mirrors,
          david_lair_generic, erik_orc_4, uniq_maurice
D:10:     layout_gridville, mainiacjoe_overflow_concentric_impassable,
          mainiacjoe_overflow_catch_the_wave, overflow_temple_1_default,
          uniq_snorg, uniq_erica
D:11:     layout_loops_corners, uniq_lodul, uniq_fannar, uniq_sonja,
          uniq_gastronok
D:12:     layout_basic, serial_shops, kennysheep_mini_moat
D:13:     layout_loops_ring, serial_shops, nicolae_shop_tiny_waterfront,
          nemelex_spade_bored_becter
D:14:     layout_cave_pools, hellmonk_vaults_attempted_burglary, nicolae_titane
D:15:     grunt_enter_depths_snipers, layout_stronghold, serial_shops,
          nicolae_shop_stone, shop, elyvilon_altar_1,
          gammafunk_ghost_tricky_traps, kennysheep_flooded_box
Temple:   jpeg_temple_clearing
Lair:1:   layout_cave_pods, cheibrodos_lair_lostbears
Lair:2:   layout_chaotic_city, elwin_shoals_entry_rocks,
          portal_ice_cave_demonic_guard, ebering_ghost_rock_garden,
          grunt_megastairs_2, lemuel_fruit_tree
Lair:3:   layout_regular_city, nicolae_spider_entry_orb_guardian,
          grunt_megastairs_1
Lair:4:   layout_cave_pods, slime_entry_2, serial_bayou_pond_a
Lair:5:   hangedman_lair_in_review, layout_long_grid, guppyfry_lair_end_dragon,
          st_stairs_4, evilmike_ambush [evilmike_ambush_outer_basic,
          evilmike_ambush_inner_wall_1]
Shoals:1: layout_shoals, serial_nicolae_subway, nicolae_sub_station_metal,
          nicolae_sub_station_crystal, nicolae_sub_station_stone
Shoals:2: layout_shoals, hangedman_shoal_volcano, uniq_polyphemus
Shoals:3: nicolae_shoals_mermall, layout_shoals, uniq_mara
Spider:1: nicolae_spider_obnoxious_hallway, nicolae_spider_solar_radiation
Spider:2: layout_spider_delve, uniq_louise
Spider:3: layout_chambers, nzn_ghost_randoct
Spider:4: hellmonk_spider_rune_endless_swarm, uniq_arachne
Orc:1:    layout_caves, serial_shops, nicolae_shop_rolled_up
Orc:2:    grunt_orc_community_town_hall, layout_diamond_mine,
          grunt_orc_community_big_house_2, grunt_orc_community_big_house_1,
          grunt_orc_community_house_1, grunt_orc_community_house_3,
          grunt_orc_community_house_3, grunt_orc_community_house_2,
          grunt_orc_community_house_1, grunt_orc_community_house_1, uniq_donald,
          uniq_jorgrun, uniq_josephine
Vaults:1: nicolae_vaults_back_hallway, hangedman_vaults_corner_blocks,
          nicolae_vaults_corridor_and_loot_room, v_misc_29,
          hangedman_vaults_stretched_pinwheel, vaults_dpeg_diagonal,
          nicolae_vaults_trapezoid_lopsided_3, layout_vaults_omnigrid,
          uniq_nikola, uniq_asterion
Vaults:2: v_misc_24, nicolae_vaults_angled_halls,
          nicolae_vaults_little_squares_4, vaults_room_fours,
          vaults_standard_mumra_lines, vaults_dpeg_emergency_exit,
          nicolae_vaults_murderbox, vaults_room_corners, v_rooms_1,
          nicolae_vaults_tetromino_T_1, nicolae_vaults_heart-shaped_vault,
          nicolae_vaults_ninety_degrees, minmay_crypt_entry_simple_corners,
          vaults_dpeg_hooks, layout_vaults_omnicross, serial_shops,
          bzr_entry_customers
Vaults:3: nicolae_vaults_network_barrier, nicolae_vaults_tetromino_L_2,
          nicolae_vaults_turnstiles, nicolae_vaults_double_plus_1, st_squares,
          nicolae_vaults_network_periphery, v_misc_23, layout_vaults_big_room,
          serial_shops, nicolae_shop_tiny_statue_garden, uniq_norris
Vaults:4: nicolae_vaults_asterisk, nicolae_vaults_more_shelving_2,
          nicolae_vaults_tetromino_T_1, nicolae_vaults_network_square,
          dpeg_vaults_hating_casters, grunt_vaults_bifocal,
          nicolae_vaults_cornered_office, nicolae_vaults_trapezoid_lopsided_3,
          vaults_mumra_chevron_long, vaults_room_door_hall,
          hangedman_vaults_variations, vaults_room_semicircle,
          nicolae_vaults_trapezoid_layered, ontoclasm_vaults_decontamination,
          nicolae_vaults_storage_room_water, layout_vaults_maze_snakey
Vaults:5

Skill      XL: |  1  2  3  4  5  6  7  8  9 10 11 12 13 14 15 16 17 18 19 20 21 |
---------------+----------------------------------------------------------------+-----
Throwing       | 2 |  2.1
Long Blades    | 4 5 6 8 9 11 12 13 14 15 16 17 | 17.0
Armour         | 1 2 3 4 5 7 8 9 10 11 12 | 12.1
Stealth        | 1 4 5 6 8 9 10 11 12 13 14 | 14.0
Dodging        | 3 4 5 6 7 8 9 |  9.9
Fighting       | 3 4 5 6 8 9 10 11 12 13 14 15 | 15.6
Invocations    | 1 2 |  2.7
Spellcasting   | 2 4 6 8 9 10 | 10.7
Poison Magic   | 5 10 13 14 15 16 17 | 17.1
Transmutations | 2 |  2.9
Shields        | 1 3 4 7 9 11 13 | 13.4
Air Magic      | 1 2 3 4 5 6 |  6.0
Fire Magic     | 1 |  1.0
Conjurations   | |  0.6
Evocations     | |  0.4

Action                     |  1- 3 |  4- 6 |  7- 9 | 10-12 | 13-15 | 16-18 | 19-21 || total
---------------------------+-------+-------+-------+-------+-------+-------+-------++-------
  Melee: Long sword        |    60 |   144 |   467 |   102 |       |       |       ||   773
         Punch             |       |     1 |     9 |    16 |     2 |       |       ||    28
         Scimitar          |       |       |       |   739 |   827 |   191 |       ||  1757
         Constrict         |       |       |       |       |   189 |   176 |    91 ||   456
         Double sword      |       |       |       |       |       |   525 |   422 ||   947
         Demon blade       |       |       |       |       |       |       |    50 ||    50
  Throw: Throwing net      |     1 |     4 |       |       |     5 |       |       ||    10
   Cast: Sting             |       |       |       |     1 |    14 |       |       ||    15
         Poisonous Vapours |       |       |       |       |    94 |    84 |    31 ||   209
         Olgreb's Toxic Ra |       |       |       |       |    79 |    63 |    37 ||   179
         Alistair's Intoxi |       |       |       |       |       |     6 |     2 ||     8
         Ignite Poison     |       |       |       |       |       |       |    14 ||    14
         Mephitic Cloud    |       |       |       |       |       |       |     3 ||     3
 Invoke: Bend Time         |       |       |     1 |    12 |     2 |     1 |     1 ||    17
         Step From Time    |       |       |       |       |       |       |     1 ||     1
Ability: Spit Poison       |     2 |    11 |    31 |    25 |    11 |     4 |     4 ||    88
  Evoke: Phantom mirror    |       |       |       |       |     1 |       |       ||     1
         Wand              |       |       |       |       |       |       |     1 ||     1
    Use: Scroll            |       |     2 |     7 |     6 |     7 |    18 |    10 ||    50
         Potion            |       |       |     2 |     8 |       |    10 |     3 ||    23
   Stab: Held in net/web   |     1 |       |       |       |     3 |       |       ||     4
         Sleeping          |       |       |     1 |     8 |    18 |    30 |    21 ||    78
         Distracted        |       |       |       |     3 |     1 |     7 |     2 ||    13
         Confused          |       |       |       |       |       |       |     2 ||     2
 Armour: Leather armour    |     7 |       |       |       |       |       |       ||     7
         Ring mail         |    37 |   111 |   236 |       |       |       |       ||   384
         Scale mail        |       |       |   196 |   830 |   534 |   758 |   343 ||  2661
         Robe              |       |       |       |       |    19 |       |       ||    19
         Troll leather arm |       |       |       |       |    18 |       |       ||    18
         Shadow dragon sca |       |       |       |       |       |       |     8 ||     8
  Dodge: Dodged            |    33 |    78 |   468 |   867 |   580 |   561 |   162 ||  2749
  Block: Buckler           |       |       |       |       |   279 |   197 |       ||   476
         Tower shield      |       |       |       |       |       |  1048 |   871 ||  1919
         Reflection        |       |       |       |       |       |    83 |    54 ||   137

Table legend: (Time is in decaauts)
 A = Elapsed time spent in this place.
 B = Non-inter-level travel time spent in this place.
 C = Inter-level travel time spent in this place.
 D = Time resting spent in this place.
 E = Time spent auto-exploring this place.
 F = Levels seen in this place.
 G = Mean time per level.
                   A        B        C        D        E       F      G
               +--------+--------+--------+--------+--------+-----+--------+
         Total |  86067 |  76547 |   9520 |  11417 |  47673 |  37 | 2326.1 |
       Dungeon |  29924 |  27012 |   2912 |   1786 |  19485 |  15 | 1994.9 |
        Temple |     46 |      3 |     43 |      0 |      0 |   1 |   46.0 |
          Lair |  17389 |  14023 |   3366 |   3013 |   7693 |   5 | 3477.8 |
        Shoals |   4553 |   4270 |    283 |    625 |   1992 |   3 | 1517.7 |
   Spider Nest |  15737 |  14460 |   1277 |   3783 |   6879 |   4 | 3934.2 |
  Orcish Mines |   3304 |   3060 |    244 |    298 |   1991 |   2 | 1652.0 |
        Vaults |  15009 |  13617 |   1392 |   1909 |   9631 |   5 | 3001.8 |
         Abyss |     26 |     26 |      0 |      0 |      0 |   1 |   26.0 |
        Bazaar |     76 |     76 |      0 |      0 |      0 |   1 |   76.0 |
               +--------+--------+--------+--------+--------+-----+--------+

Top non-repeatable levels by time:
Vaults:4: 5447 daAuts
Spider:3: 4563 daAuts
Spider:4: 4508 daAuts
Spider:2: 4288 daAuts
  Lair:4: 4058 daAuts
  Lair:5: 3957 daAuts
  Lair:1: 3925 daAuts
Vaults:1: 3453 daAuts
Vaults:2: 3323 daAuts
    D:15: 2973 daAuts
  Lair:3: 2877 daAuts
    D:11: 2731 daAuts
Vaults:3: 2683 daAuts
     D:9: 2671 daAuts
   Orc:2: 2626 daAuts
